 Dungeon Crawl Stone Soup version 0.25.0-11-g1f837a76a1 (webtiles) character file.

Game seed: 10950720303919797314

(classic levelgen) 291816 EnegeticOcto the Champion of Chaos (level 19, -23/169 HPs)
             Began as a Deep Dwarf Fighter on June 24, 2020.
             Was the Champion of Makhleb.
             Killed from afar by a yellow draconian annihilator (41 damage)
             ... with a bolt of lightning
             ... on level 3 of the Realm of Zot.
             The game lasted 00:25:04 (21067 turns).

EnegeticOcto the Champion of Chaos (DDFi)          Turns: 21067, Time: 00:25:05

Health: -23/169    AC: 27    Str: 27    XL:     19   Next: 54%
Magic:  9/9 (0)    EV: 10    Int: 24    God:    Makhleb [******]
Gold:   1511       SH: 23    Dex: 15    Spells: 18/18 levels left

rFire    + . .     SeeInvis +   a - +9 broad axe (venom)
rCold    + + .     Gourm    .   M - +1 tower shield {reflect}
rNeg     + + .     Faith    +   H - +2 plate armour {rPois}
rPois    +         Spirit   .   b - +2 hat {SInv}
rElec    .         Reflect  +   p - +0 cloak of the Sea {rN+}
rCorr    .         Harm     .   u - +1 pair of gloves
MR       ++...                  N - +1 pair of boots "Vuejidd" {Str+5}
Stlth    ..........             J - amulet "Gaemiast" {Faith Int+5}
HPRegen  0.00/turn              U - ring "Beraraf" {+Blink rPois rF+ Str-4 Stlth+}
MPRegen  0.11/turn              t - ring of Beits {rC++ MP+9 Int+6 Dex+3}

@: berserk cooldown, non-regenerating, slowed, very slow
A: damage resistance, heal wounds, horns 1, blurry vision 1, clever 1, frail 1,
negative energy resistance 1, sense surroundings 3, evolution 1, subdued magic
1, no regeneration
}: 3/15 runes: barnacled, slimy, gossamer
a: Heal Wounds, Minor Destruction, Lesser Servant of Makhleb, Major Destruction,
Greater Servant of Makhleb, Renounce Religion, Evoke Blink


You were on level 3 of the Realm of Zot.
You worshipped Makhleb.
Makhleb was exalted by your worship.
You were completely stuffed.

You visited 8 branches of the dungeon, and saw 42 of its levels.
You visited the Abyss 1 time.
You also visited: Gauntlet.

You collected 2325 gold pieces.
You spent 814 gold pieces at shops.

Inventory:

Hand Weapons
 a - a +9 broad axe of venom (weapon)
 o - a +3 war axe of flaming
Missiles
 q - 4 throwing nets (quivered)
Armour
 b - a +2 hat of see invisible (worn)
 p - the +0 cloak of the Sea (worn) {rN+}
   (You found it on level 5 of the Pits of Slime)

   It protects you from negative energy.
 u - a +1 pair of gloves (worn)
 H - a +2 plate armour of poison resistance (worn)
 M - a +1 tower shield of reflection (worn)
 N - the +1 pair of boots "Vuejidd" (worn) {Str+5}
   (You found it on level 12 of the Dungeon)

   It affects your strength (+5).
Jewellery
 t - the ring of Beits (right hand) {rC++ MP+9 Int+6 Dex+3}
   (You took it off an orc on level 7 of the Dungeon)

   [ring of magical power]

   It affects your intelligence (+6).
   It affects your dexterity (+3).
   It greatly protects you from cold.
   It affects your magic capacity (+9).
 z - an uncursed ring of protection from fire
 J - the amulet "Gaemiast" (around neck) {Faith Int+5}
   (You found it in a Gauntlet)

   [amulet of faith]

   It allows you to gain divine favour quickly.
   It affects your intelligence (+5).
 K - the ring "Vemood" {*Contam +Blink Str+6 Dex+4 SInv}
   (You found it on level 5 of the Pits of Slime)

   [ring of strength]

   It affects your strength (+6).
   It affects your dexterity (+4).
   It lets you see invisible.
   It lets you blink.
   It causes magical contamination when unequipped.
 L - the ring of Zin's Inspiration {MR+ rCorr Int+2}
   (You found it on level 5 of the Pits of Slime)

   [ring of resist corrosion]

   It affects your intelligence (+2).
   It affects your resistance to hostile enchantments.
   It provides partial protection from all sources of acid and corrosion.
 U - the ring "Beraraf" (left hand) {+Blink rPois rF+ Str-4 Stlth+}
   (You found it on level 5 of the Pits of Slime)

   [ring of protection from fire]

   It affects your strength (-4).
   It protects you from fire.
   It protects you from poison.
   It lets you blink.
   It makes you more stealthy.
 V - a cursed +6 ring of strength {unknown}
 Z - an uncursed ring of magical power {unknown}
Wands
 s - a wand of paralysis (6)
 y - a wand of clouds (5)
 C - a wand of iceblast (40) {@v2}
 D - a wand of flame (41) {@v4}
 E - a wand of digging (7) {@v3}
 R - a wand of disintegration (17)
 Y - a wand of acid (6) {@v1}
Scrolls
 d - 2 scrolls of fear
 f - 10 scrolls of remove curse {@r2}
 h - 8 scrolls of fog
 l - 2 scrolls of magic mapping {@r5}
 r - 3 scrolls of blinking {@r4}
 x - a scroll of summoning
 B - 10 scrolls of teleportation {@r3}
 G - a scroll of immolation {@r7}
 Q - 5 scrolls of identify {@r1}
 W - a scroll of enchant weapon
Potions
 c - a potion of ambrosia
 g - 6 potions of mutation
 i - 5 potions of heal wounds {@q2}
 j - 6 potions of stabbing {@q5}
 k - 2 potions of might {@q3}
 m - 2 potions of resistance {@q6}
 n - 5 potions of haste {@q4}
 v - 3 potions of lignification {@q7}
 I - 3 potions of berserk rage
 T - a potion of cancellation
Miscellaneous
 w - a phial of floods
 A - 2 phantom mirrors
 F - 2 boxes of beasts
 X - a tin of tremorstones (3/3)
Comestibles
 e - 38 rations
 P - 3 chunks of flesh


   Skills:
 * Level 15.6 Fighting
 - Level 18.0 Axes
 + Level 13.7 Armour
 - Level 7.5 Dodging
 * Level 16.9 Shields
 * Level 19.4 Invocations
 - Level 8.0 Evocations


You had 18 spell levels left.
You didn't know any spells.
Your spell library contained the following spells:

 Spells                   Type           Power        Failure   Level  Hunger
 Corona                   Hex            #......      95%         1    ##.....
 Infusion                 Chrm           #...         95%         1    ##.....
 Magic Dart               Conj           #...         95%         1    ##.....
 Sandblast                Erth           #.....       95%         1    ##.....
 Shock                    Conj/Air       #...         95%         1    ##.....
 Blink                    Tloc           N/A          99%         2    ###....
 Call Imp                 Summ           #.......     99%         2    ###....
 Passwall                 Tmut/Erth      #.......     99%         2    ###....
 Searing Ray              Conj           #.....       99%         2    ###....
 Shroud of Golubria       Chrm/Tloc      #.....       99%         2    ###....
 Slow                     Hex            #.......     99%         2    ###....
 Song of Slaying          Chrm           #.......     99%         2    ###....
 Swiftness                Chrm/Air       #.......     99%         2    ###....
 Confusing Touch          Hex            #.......     100%        3    ####...
 Conjure Flame            Conj/Fire      #.......     100%        3    ####...
 Dazzling Flash           Conj/Hex       #.....       100%        3    ####...
 Gell's Gravitas          Tloc           #.........   100%        3    ####...
 Inner Flame              Hex/Fire       #.......     100%        3    ####...
 Mephitic Cloud           Conj/Pois/Air  #.......     100%        3    ####...
 Ozocubu's Armour         Chrm/Ice       #.......     100%        3    ####...
 Portal Projectile        Hex/Tloc       #.....       100%        3    ####...
 Spectral Weapon          Hex/Chrm       #.......     100%        3    ####...
 Static Discharge         Conj/Air       #.......     100%        3    ####...
 Stone Arrow              Conj/Erth      #.....       100%        3    ####...
 Airstrike                Air            #.........   100%        4    #####..
 Cause Fear               Hex            #.........   100%        4    #####..
 Fulminant Prism          Conj/Hex       #.........   100%        4    #####..
 Iskenderun's Mystic Bla  Conj/Tloc      #.......     100%        4    #####..
 Leda's Liquefaction      Hex/Erth       #.........   100%        4    #####..
 Petrify                  Tmut/Erth      #.......     100%        4    #####..
 Summon Lightning Spire   Summ/Air       #.......     100%        4    #####..
 Bolt of Magma            Conj/Fire/Erth #.........   100%        5    ######.
 Irradiate                Conj/Tmut      #.........   100%        5    ######.
 Iskenderun's Battlesphe  Conj/Chrm      #.......     100%        5    ######.
 Lee's Rapid Deconstruct  Erth           #.........   100%        5    ######.
 Lightning Bolt           Conj/Air       #.........   100%        5    ######.
 Metabolic Englaciation   Hex/Ice        #.........   100%        5    ######.
 Silence                  Hex/Air        #.........   100%        5    ######.
 Yara's Violent Unravell  Hex/Tmut       #.........   100%        5    ######.
 Conjure Ball Lightning   Conj/Air       #.........   100%        6    #######
 Hydra Form               Tmut           #.........   100%        6    #######
 Iron Shot                Conj/Erth      #.........   100%        6    #######
 Statue Form              Tmut/Erth      #........    100%        6    #######
 Dragon Form              Tmut           #.........   100%        7    #######
 Orb of Destruction       Conj           #.........   100%        7    #######
 Spellforged Servitor     Conj/Summ      #.........   100%        7    #######
 Tornado                  Air            #.........   100%        9    #######


Dungeon Overview and Level Annotations

Branches:
Dungeon (15/15)            Temple (1/1) D:7            Lair (5/6) D:8
 Shoals (4/4) Lair:3       Spider (4/4) Lair:2        Slime (5/5) Lair:5
    Orc (0/2) D:9          Vaults (0/5) D:13         Depths (5/5) D:15
    Zot (3/5) Depths:5    Gauntlet (visited)

Altars:
Ashenzari
Cheibriados
Dithmenos
Elyvilon
Fedhas
Gozag
Hepliaklqana
Kikubaaqudgha
Makhleb
Nemelex Xobeh
Okawaru
Qazlal
Ru
Sif Muna
Trog
Uskayaw
Vehumet
Wu Jian
Xom
Yredelemnul
Zin
The Shining One
Jiyva

Shops:
D:5 [   D:12 [   Shoals:2 *   Depths:2 }

Portals:
Trove: D:14 (give 3 potions of resistance)

Annotations:
Shoals:2 exclusion: oklob plant


Innate Abilities, Weirdness & Mutations

You are resistant to damage.
You can heal yourself by infusing magical energy.
You resist negative energy. (rN+)
You passively map a large area around you.
You do not regenerate.
You have a pair of small horns on your head.
Scrolls take you a little longer to read.
Your mind is acute. (Int +2)
You are frail. (-10% HP)
You evolve.
Your spells are a little easier to cast, but a little less powerful.


Message History

You kill the green draconian!
Makhleb accepts your kill.
You slash the black draconian!
The black draconian looks as sick as possible!
You slice the purple draconian!!
You feel sick. You block the black draconian's attack.
The tentacled monstrosity tentacle-slaps you!
* * * LOW HITPOINT WARNING * * *
The tentacled monstrosity tentacle-slaps you but does no damage.
You block the tentacled monstrosity's attack.
* * * LOW HITPOINT WARNING * * *
The tentacled monstrosity constricts you!
The green draconian hits you with a cursed -1 battleaxe.
You block the green draconian's attack.
The purple draconian hits you but does no damage.
You barely miss the tentacled monstrosity.
The tentacled monstrosity is severely wounded.
You slash the black draconian!
You completely miss the green draconian.
You slice the black draconian!! x2
The black draconian looks as sick as possible!
You slice the purple draconian!!
The purple draconian looks as sick as possible!
You feel sick. The black draconian closely misses you.
The black draconian hits you but does no damage.
The tentacled monstrosity completely misses you.
You block the tentacled monstrosity's attack.
The tentacled monstrosity tentacle-slaps you.
* * * LOW HITPOINT WARNING * * *
x2 The tentacled monstrosity constricts you.
You slice the tentacled monstrosity!!
The tentacled monstrosity is almost dead.
You slice the purple draconian!!
The purple draconian looks as sick as possible!
You hit the black draconian.
You completely miss the black draconian.
You closely miss the green draconian. You slash the black draconian!
The black draconian looks as sick as possible!
You feel sick. You block the black draconian's attack.
The green draconian hits you but does no damage.
You block the green draconian's attack.
Your shield and plate armour prevent you from hitting the tentacled monstrosity.
You headbutt the tentacled monstrosity.
You kill the tentacled monstrosity!
Makhleb accepts your kill.
You feel better.
You slash the black draconian!
The black draconian looks as sick as possible!
You closely miss the green draconian. You slash the black draconian!
You kill the black draconian!
Makhleb accepts your kill.
You slash the black draconian!
You kill the black draconian!
Makhleb accepts your kill.
You feel better.
You hit the purple draconian.
The purple draconian looks as sick as possible!
You feel sick.
You kill the black draconian!
Makhleb accepts your kill.
You feel better.
The purple draconian breathes dispelling energy at you.
The bolt of dispelling energy hits you!!
You completely miss the purple draconian.
Your headbutt misses the purple draconian.
The purple draconian is almost dead.
You barely miss the green draconian.
You feel sick.
You hit the purple draconian.
You kill the purple draconian!
Makhleb accepts your kill.
You feel better.
Your plate armour prevents you from hitting the green draconian.
You feel sick.
The green draconian breathes poison at you.
The blast of poison engulfs you.
You are more poisoned.
You resist.
You slice the green draconian!! You headbutt the green draconian!
The green draconian is severely wounded.
You are no longer berserk.
You are exhausted.
You feel yourself slow down.
You feel sick.
The yellow draconian annihilator gestures at you while chanting.
The crystal spear hits you!!!
* * * LOW HITPOINT WARNING * * *
You don't have enough innate magic capacity.
You feel better. You block the green draconian's attack.
The green draconian tail-slaps you but does no damage.
The yellow draconian annihilator gestures at you while chanting.
The iron shot hits you!!!
* * * LOW HITPOINT WARNING * * *
You block the green draconian's attack.
The green draconian tail-slaps you but does no damage.
You hit the green draconian.
Your headbutt misses the green draconian.
The green draconian is severely wounded.
Okay, then.
You feel much better. You block the green draconian's attack.
The green draconian tail-slaps you but does no damage.
The yellow draconian annihilator gestures at you while chanting.
The bolt of lightning hits you!!!
You die...

********** ,,,,,,,,,*
#############******** ,,,,,,,,,*
#............,,,,,,,, ,,,,,,,,,*
#............,,,,,,,, ,*,,,,,***
#............,,,,,,,, ,,,,,,,*
#..........##******** ,,,,,,,*
#...[<....(..,,,,,,,, ,©,,,,,**
#..°°°†......,,,,,,,,
******,,****#..°@°.......,,,,,,,,
,,,,8**,,,,*#.°°°d°......,,,,,,,,
,,,,,,*,,,,*#.q..........,,,,,,,,
,,,**,*,,,,*#............,,,,,,,,
,,,**,*,,,,..............,,,,,,,,
,©,,,,*,,,...##.......###**,***,*
,,,**,*,,....,..........,,,>,^*,*
,,,**,*,,...,,##........,,,,*,*,*
,,,,,©*,,,,,,,**,,,,,,,,,,,,*,,,*


You could see a green draconian (very poisoned, catching breath) and a yellow
draconian annihilator.

Vanquished Creatures
  the Royal Jelly (Slime:5)
  An orb of fire (Zot:1)
  2 liches
  An electric golem (Zot:1)
  2 tentacled monstrosities
  16 acid blobs
  A death cob (Zot:2)
  2 sphinxes
  Frances (D:13)
  2 storm dragons
  Gastronok (D:8)
  Donald (Spider:3)
  2 draconian monks
  3 fire giants
  5 azure jellies
  4 frost giants
  Louise (Shoals:2)
  3 ghost moths (Spider:4)
  3 draconian knights
  5 emperor scorpions
  A draconian stormcaller (Zot:1)
  2 entropy weavers
  2 draconian annihilators
  2 stone giants
  5 yellow draconians
  6 green draconians
  2 vampire knights (Depths:5)
  A white draconian (Zot:1)
  3 red draconians (Zot:1)
  4 spark wasps
  7 black draconians
  A minotaur (Gauntlet)
  3 purple draconians
  A merfolk javelineer (Shoals:4)
  2 ettins (Depths:2)
  6 merfolk impalers
  3 death oozes (Slime:5)
  5 great orbs of eyes
  3 yaktaur captains
  4 fire dragons
  A blizzard demon (Gauntlet)
  8 hydras
  3 rakshasas
  A vault guard (D:14)
  4 ice dragons
  The ghost of Zoobame the Devastator, a journeyman DEWz of Sif Muna (Lair:2)
  Fannar (Lair:2)
  Harold (D:8)
  2 merfolk avatars
  A merfolk aquamancer (Shoals:4)
  10 two-headed ogres
  A centaur warrior (D:15)
  Erica (D:8)
  A death knight (D:13)
  2 ogre magi (Depths:1)
  5 deep troll earth magi
  A tengu warrior (Depths:3)
  4 deep troll shamans
  2 spriggan berserkers
  3 hell knights (Depths:4)
  An iron troll (Depths:5)
  2 unseen horrors
  4 sea snakes
  16 deep trolls
  4 glowing orange brains
  13 orb spiders
  15 wolf spiders
  A harpy (shapeshifter) (D:12)
  2 wolf spider zombies
  2 shining eyes
  10 manticores
  A salamander (Depths:2)
  A manticore (shapeshifter) (D:15)
  A faun (Shoals:1)
  4 cyclopes
  8 ugly things
  4 deep elf magi
  4 moths of wrath
  Maurice (D:13)
  A black mamba (Lair:4)
  3 merfolk sirens
  Joseph (D:8)
  Psyche (D:9)
  6 elephants (Lair:5)
  3 water nymphs
  4 eyes of devastation
  2 spiny frogs
  An eye of devastation (shapeshifter) (D:13)
  A yaktaur (shapeshifter) (D:15)
  A rime drake (shapeshifter) (Depths:2)
  A rime drake (Lair:2)
  4 komodo dragons
  A freezing wraith (D:12)
  4 yaktaurs
  4 kobold demonologists
  6 demonic crawlers
  2 tengu conjurers
  7 merfolk
  A harpy zombie (D:15)
  A queen bee (shapeshifter) (D:15)
  4 wind drakes
  A polar bear (shapeshifter) (D:15)
  19 jumping spiders
  A meliai (shapeshifter) (D:15)
  3 meliai (D:13)
  3 polar bears
  5 trolls
  2 hornets (shapeshifter)
  13 hornets
  4 blink frogs (Lair:5)
  3 snapping turtles
  73 slime creatures
  7 hippogriffs
  A blink frog (shapeshifter) (D:13)
  A dream sheep (Shoals:4)
  48 redbacks
  3 spriggans (Depths:3)
  3 shadows
  12 tarantellas
  3 wyverns
  5 water elementals
  A wraith (D:15)
  27 yaks
  A vampire (D:15)
  A yak (shapeshifter) (D:13)
  2 basilisks
  A fire elemental (Depths:2)
  A hungry ghost (D:12)
  2 vampire mosquitoes (D:15)
  Menkaure (D:4)
  3 acid dragons
  A soldier ant (D:12)
  9 water moccasins
  A floating eye (Slime:5)
  4 porcupines
  7 orc warriors
  7 sky beasts
  6 eyes of draining
  3 black bears
  5 ice beasts
  An ogre (shapeshifter) (D:12)
  3 necrophages
  3 phantoms
  11 centaurs
  8 boggarts
  18 ogres
  7 crocodiles
  5 big kobolds
  16 bullfrogs
  A water moccasin zombie (D:7)
  2 wyvern skeletons
  4 scorpions
  3 killer bees (D:7)
  3 wights (D:10)
  4 howler monkeys
  An electric eel (Spider:1)
  6 centaur zombies
  3 bullfrog zombies
  9 crimson imps
  4 hounds
  A quasit (D:9)
  8 orc wizards
  A gnoll shaman (D:6)
  5 centaur skeletons
  6 orc priests
  6 jellies
  3 bullfrog skeletons
  Jessica (D:2)
  6 iguanas
  15 worker ants
  A hound skeleton (D:10)
  A howler monkey zombie (D:9)
  11 gnolls
  14 adders
  2 shadow imps
  3 oozes (Lair:5)
  An adder skeleton (D:7)
  A worm (D:5)
  4 leopard geckos
  56 orcs
  3 ball pythons
  4 giant cockroaches
  7 goblins
  13 hobgoblins
  20 jackals
  31 kobolds
  9 quokkas
  3 bats
  A frilled lizard (D:2)
  A jackal zombie (D:6)
  A leopard gecko skeleton (D:4)
  A quokka zombie (D:7)
  5 rats
  A fungus (Lair:3)
  6 plants
983 creatures vanquished.

Vanquished Creatures (collateral kills)
  4 acid blobs
  A draconian knight (Zot:1)
  A ghost moth (Spider:4)
  An entropy weaver (Spider:3)
  3 merfolk javelineers (Shoals:4)
  2 merfolk impalers (Shoals:4)
  A sea snake (Shoals:4)
  2 orb spiders (Spider:4)
  3 wolf spiders (Spider:4)
  2 shining eyes
  A water nymph (Shoals:4)
  A torpor snail (Spider:1)
  2 merfolk (Shoals:4)
  5 jumping spiders
  A wind drake (Shoals:4)
  4 slime creatures (Slime:3)
  3 dream sheep (Shoals:4)
  22 redbacks
  5 tarantellas
  An eye of draining (Slime:4)
  An electric eel (Spider:4)
66 creatures vanquished.

Vanquished Creatures (others)
  A draconian knight (Zot:1)
  3 blink frogs (Lair:5)
  A redback (Spider:4)
  3 fungi
  9 plants
17 creatures vanquished.

Grand Total: 1066 creatures vanquished

Notes
Turn   | Place    | Note
-------+----------+-------------------------------------------
     0 | D:1      | EnegeticOcto the Deep Dwarf Fighter began the quest for the
                  | Orb.
     0 | D:1      | Reached XP level 1. HP: 20/20 MP: 1/1
   116 | D:1      | Reached XP level 2. HP: 25/27 MP: 2/2
   240 | D:2      | Noticed Jessica
   255 | D:2      | Killed Jessica
   255 | D:2      | Reached skill level 1 in Dodging
   255 | D:2      | Reached XP level 3. HP: 23/34 MP: 3/3
   427 | D:2      | Reached XP level 4. HP: 39/42 MP: 4/4
  1381 | D:4      | Noticed Menkaure
  1395 | D:4      | Killed Menkaure
  1395 | D:4      | Reached XP level 5. HP: 32/50 MP: 5/5
  1565 | D:4      | Reached XP level 6. HP: 33/57 MP: 6/6
  2124 | D:5      | Entered Level 5 of the Dungeon
  2200 | D:5      | Found a hide-covered altar of Uskayaw.
  2245 | D:5      | Reached XP level 7. HP: 55/66 MP: 6/6
  2417 | D:5      | Reached skill level 5 in Axes
  2475 | D:5      | Found a bloodstained altar of Trog.
  2490 | D:5      | Reached skill level 5 in Fighting
  2635 | D:5      | Found Qearezxy's Antique Armour Boutique.
  2741 | D:6      | Reached skill level 5 in Shields
  2741 | D:6      | Reached XP level 8. HP: 57/74 MP: 6/6
  2753 | D:6      | Reached skill level 5 in Armour
  2784 | D:6      | Found a stormy altar of Qazlal.
  2993 | D:6      | Found an iron altar of Okawaru.
  3287 | D:7      | Identified the ring of Beits {rC++ MP+9 Int+6 Dex+3}
  3367 | D:7      | Gained mutation: You passively map the area around you.
                  | [Deep Dwarf growth]
  3367 | D:7      | Reached XP level 9. HP: 67/82 MP: 7/7
  3460 | D:7      | Found an ornate altar of the Wu Jian Council.
  3461 | D:7      | Found a basalt altar of Yredelemnul.
  3461 | D:7      | Found a stormy altar of Qazlal.
  3461 | D:7      | Found a basalt altar of Yredelemnul.
  3461 | D:7      | Noticed a kobold demonologist
  3476 | D:7      | Noticed a soul eater
  3479 | D:7      | Noticed a hellwing
  3484 | D:7      | Killed a kobold demonologist
  3484 | D:7      | Reached skill level 5 in Dodging
  3550 | D:7      | Found a staircase to the Ecumenical Temple.
  3560 | Temple   | Entered the Ecumenical Temple
  3805 | Temple   | Became a worshipper of Makhleb the Destroyer
  3861 | D:7      | Found a snail-covered altar of Cheibriados.
  3900 | D:7      | Reached skill level 1 in Invocations
  3949 | D:7      | Reached skill level 2 in Invocations
  4033 | D:7      | Found a sparkling altar of Nemelex Xobeh.
  4227 | D:7      | Reached skill level 3 in Invocations
  4296 | D:7      | Reached * piety under Makhleb
  4558 | D:8      | Found a staircase to the Lair.
  4600 | D:8      | Noticed Joseph
  4626 | D:8      | Killed Joseph
  4626 | D:8      | Reached XP level 10. HP: 70/94 MP: 5/5
  4644 | D:8      | Found a blossoming altar of Fedhas.
  4702 | D:8      | Noticed Erica
  4729 | D:8      | Killed Erica
  4729 | D:8      | Reached skill level 4 in Invocations
  4943 | D:8      | Noticed Harold
  4975 | D:8      | Killed Harold
  4975 | D:8      | Reached skill level 5 in Invocations
  5213 | D:8      | Noticed Gastronok
  5236 | D:8      | Killed Gastronok
  5236 | D:8      | Reached skill level 6 in Invocations
  5568 | D:9      | Reached ** piety under Makhleb
  5574 | D:9      | Reached XP level 11. HP: 86/104 MP: 8/8
  5733 | D:9      | Reached skill level 7 in Invocations
  5786 | D:9      | Noticed Psyche
  5801 | D:9      | Killed Psyche
  5903 | D:9      | Paralysed by a hornet for 1 turns
  5912 | D:9      | Reached skill level 10 in Axes
  5976 | D:9      | Found a staircase to the Orcish Mines.
  6006 | D:9      | Found an opulent altar of Gozag.
  6006 | D:9      | Found an ornate altar of the Wu Jian Council.
  6006 | D:9      | Found a radiant altar of Vehumet.
  6139 | D:10     | Entered Level 10 of the Dungeon
  6362 | D:10     | Reached *** piety under Makhleb
  7128 | D:10     | Reached skill level 8 in Invocations
  7546 | D:11     | Reached **** piety under Makhleb
  7546 | D:11     | Reached skill level 1 in Evocations
  8071 | D:12     | Found a gate leading to a gauntlet.
  8075 | Gauntlet | Entered a Gauntlet
  8075 | Gauntlet | Found a large runed translucent door.
  8075 | Gauntlet | Found a large runed translucent door.
  8075 | Gauntlet | Found a large runed translucent door.
  8075 | Gauntlet | Found a large runed translucent door.
  8075 | Gauntlet | Found a large runed translucent door.
  8075 | Gauntlet | Found a large runed translucent door.
  8075 | Gauntlet | Found a large runed translucent door.
  8075 | Gauntlet | Found a large runed translucent door.
  8075 | Gauntlet | Found a runed translucent door.
  8075 | Gauntlet | Found a runed translucent gate.
  8075 | Gauntlet | Found a transporter.
  8075 | Gauntlet | Found a transporter.
  8075 | Gauntlet | Found a runed translucent gate.
  8075 | Gauntlet | Found a transporter.
  8075 | Gauntlet | Noticed a tengu warrior
  8076 | Gauntlet | Found a transporter.
  8079 | Gauntlet | Found a transporter.
  8079 | Gauntlet | Found a transporter.
  8080 | Gauntlet | Found a runed translucent gate.
  8080 | Gauntlet | Found a runed translucent door.
  8084 | Gauntlet | Found a large runed translucent door.
  8084 | Gauntlet | Found a large runed translucent door.
  8088 | Gauntlet | Noticed a death scarab
  8091 | Gauntlet | Found a transporter.
  8093 | Gauntlet | Found a transporter.
  8099 | Gauntlet | Noticed a wizard
  8105 | Gauntlet | Identified the ring "Hewn" {+Fly Str+2 Dex+2}
  8105 | Gauntlet | Noticed a wizard
  8108 | Gauntlet | Found a transporter.
  8109 | Gauntlet | Found a transporter.
  8110 | Gauntlet | Noticed a blizzard demon
  8127 | Gauntlet | Found a transporter.
  8131 | Gauntlet | Found a transporter.
  8132 | Gauntlet | Noticed an oklob plant
  8176 | Gauntlet | Found a large runed translucent door.
  8176 | Gauntlet | Found a large runed translucent door.
  8177 | Gauntlet | Found a large runed translucent door.
  8177 | Gauntlet | Found a large runed translucent door.
  8178 | Gauntlet | Found a large runed translucent door.
  8178 | Gauntlet | Found a large runed translucent door.
  8352 | Gauntlet | Got a pitted ivory amulet
  8390 | Gauntlet | Killed a blizzard demon
  8390 | Gauntlet | Reached skill level 9 in Invocations
  8402 | Gauntlet | Got a pair of ancient boots
  8413 | Gauntlet | Identified the +2 pair of boots "Vunely" {MP-9 Str+3} (You
                  | found it in a Gauntlet)
  8415 | Gauntlet | Identified the amulet "Gaemiast" {Faith Int+5} (You found
                  | it in a Gauntlet)
  8441 | Gauntlet | Identified the cursed +1 scale mail of Levity {MR- Dex+6
                  | SInv}
  8441 | Gauntlet | Noticed a minotaur
  8464 | Gauntlet | Killed a minotaur
  8464 | Gauntlet | Reached XP level 12. HP: 80/115 MP: 8/8
  9112 | D:12     | Found Obenlack's Antique Armour Boutique.
  9149 | D:12     | Bought a runed plate armour for 702 gold pieces
  9358 | D:12     | Reached skill level 10 in Invocations
  9672 | D:12     | Identified the +1 pair of boots "Vuejidd" {Str+5} (You
                  | found it on level 12 of the Dungeon)
  9835 | D:13     | Noticed Maurice
  9863 | D:13     | Killed Maurice
  9863 | D:13     | Reached skill level 10 in Fighting
  9878 | D:13     | Reached ***** piety under Makhleb
  9882 | D:13     | Noticed a death knight
  9916 | D:13     | Killed a death knight
 10128 | D:13     | Noticed Frances
 10147 | D:13     | Killed Frances
 10147 | D:13     | Reached skill level 11 in Invocations
 10147 | D:13     | Reached XP level 13. HP: 99/124 MP: 7/7
 10265 | D:13     | Found a gate to the Vaults.
 10421 | D:14     | Reached skill level 5 in Evocations
 10425 | D:14     | Found a portal to a secret trove of treasure.
 10821 | D:14     | Reached skill level 10 in Shields
 11018 | D:14     | Found a shattered altar of Ashenzari.
 11579 | Lair:1   | Entered Level 1 of the Lair of Beasts
 11939 | Lair:2   | Found a runed translucent gate.
 11939 | Lair:2   | Found a runed translucent gate.
 11939 | Lair:2   | Found a runed translucent gate.
 11940 | Lair:2   | Noticed Zoobame's ghost (journeyman DEWz)
 12005 | Lair:2   | Killed Zoobame's ghost
 12044 | Lair:2   | Found a hole to the Spider Nest.
 12052 | Lair:2   | Reached skill level 12 in Invocations
 12071 | Spider:1 | Entered Level 1 of the Spider Nest
 12348 | Spider:1 | Noticed an entropy weaver
 12368 | Spider:1 | Killed an entropy weaver
 12449 | Spider:1 | Noticed an emperor scorpion
 12456 | Spider:1 | Gained mutation: You resist negative energy. (rN+) [Deep
                  | Dwarf growth]
 12456 | Spider:1 | Reached XP level 14. HP: 108/135 MP: 9/9
 12478 | Spider:1 | Killed an emperor scorpion
 12491 | Spider:1 | Reached ****** piety under Makhleb
 12533 | Spider:1 | Reached skill level 10 in Armour
 12716 | Spider:3 | Noticed an entropy weaver
 12739 | Spider:3 | HP: 5/135 [entropy weaver (2)]
 12741 | Spider:3 | Killed an entropy weaver
 12863 | Spider:4 | Entered Level 4 of the Spider Nest
 12889 | Spider:4 | Reached skill level 13 in Invocations
 12949 | Spider:4 | Noticed an entropy weaver
 12957 | Spider:4 | Killed an entropy weaver
 13142 | Spider:4 | Noticed a ghost moth
 13151 | Spider:4 | Killed a ghost moth
 13693 | Spider:4 | Noticed a ghost moth
 13699 | Spider:4 | Killed a ghost moth
 13738 | Spider:4 | Reached XP level 15. HP: 87/144 MP: 7/9
 13766 | Spider:4 | Noticed a ghost moth
 13786 | Spider:4 | Reached skill level 14 in Invocations
 13791 | Spider:4 | Killed a ghost moth
 13824 | Spider:4 | Got a gossamer rune of Zot
 13838 | Spider:4 | Noticed a ghost moth
 13844 | Spider:4 | Killed a ghost moth
 13962 | Spider:3 | Noticed Donald
 13973 | Spider:3 | Killed Donald
 14236 | Lair:2   | Noticed Fannar
 14251 | Lair:2   | Killed Fannar
 14605 | Lair:3   | Found a staircase to the Shoals.
 16266 | Shoals:1 | Entered Level 1 of the Shoals
 16331 | Shoals:2 | Found a shadowy altar of Dithmenos.
 16357 | Shoals:2 | Found Caqigih's General Store.
 16366 | Shoals:2 | Bought a scroll of enchant weapon for 112 gold pieces
 16439 | Shoals:2 | Identified the -3 tower shield of Durable Amelioration
                  | {rPois MR++}
 16439 | Shoals:2 | Noticed Louise
 16457 | Shoals:2 | Cast into level 3 of the Abyss (Louise)
 16498 | Shoals:2 | Escaped the Abyss
 16507 | Shoals:2 | Killed Louise
 16629 | Shoals:4 | Entered Level 4 of the Shoals
 16644 | Shoals:4 | Reached skill level 15 in Invocations
 17012 | Shoals:4 | Reached XP level 16. HP: 150/154 MP: 8/8
 17118 | Shoals:4 | Reached skill level 15 in Axes
 17148 | Shoals:4 | Got a barnacled rune of Zot
 17665 | Lair:5   | Found a staircase to the Slime Pits.
 17704 | Slime:1  | Entered Level 1 of the Pits of Slime
 17704 | Slime:1  | Noticed an acid blob
 17704 | Slime:1  | Noticed an acid blob
 17704 | Slime:1  | Noticed an acid blob
 17707 | Slime:1  | Noticed an acid blob
 17712 | Lair:5   | Killed an acid blob
 17717 | Lair:5   | Killed an acid blob
 17723 | Lair:5   | Killed an acid blob
 17798 | Slime:1  | Killed an acid blob
 17825 | Slime:1  | Reached skill level 16 in Invocations
 17834 | Slime:2  | Noticed an acid blob
 17843 | Slime:2  | Killed an acid blob
 17866 | Slime:2  | Gained mutation: Your spells are a little easier to cast,
                  | but a little less powerful. [a shining eye]
 17896 | Slime:3  | Noticed an acid blob
 17896 | Slime:3  | Noticed an acid blob
 17899 | Slime:3  | Gained mutation: Your spells are easier to cast, but less
                  | powerful. [a shining eye]
 17904 | Slime:3  | Killed an acid blob
 17907 | Slime:3  | Noticed an acid blob
 17908 | Slime:3  | Killed an acid blob
 17918 | Slime:3  | Killed an acid blob
 17922 | Slime:3  | Gained mutation: Potions are less effective at restoring
                  | your health. [a shining eye]
 17960 | Slime:5  | Entered Level 5 of the Pits of Slime
 17960 | Slime:5  | Noticed an acid blob
 17960 | Slime:5  | Noticed an acid blob
 17965 | Slime:5  | Noticed an acid blob
 17972 | Slime:4  | Noticed an acid blob
 17976 | Slime:4  | Killed an acid blob
 17977 | Slime:4  | Killed an acid blob
 17988 | Slime:4  | Killed an acid blob
 18064 | Slime:5  | Killed an acid blob
 18064 | Slime:5  | Reached XP level 17. HP: 165/165 MP: 8/8
 18115 | Slime:5  | Noticed an acid blob
 18120 | Slime:5  | Noticed an acid blob
 18152 | Slime:4  | Killed an acid blob
 18317 | Slime:5  | Killed an acid blob
 18348 | Slime:5  | Found a viscous altar of Jiyva.
 18349 | Slime:5  | Noticed an acid blob
 18349 | Slime:5  | Noticed the Royal Jelly
 18361 | Slime:5  | Noticed an acid blob
 18363 | Slime:5  | Noticed an acid blob
 18370 | Slime:5  | Killed an acid blob
 18371 | Slime:5  | Noticed an acid blob
 18372 | Slime:5  | Killed the Royal Jelly
 18372 | Slime:5  | Reached skill level 17 in Invocations
 18372 | Slime:5  | Noticed an acid blob
 18381 | Slime:5  | Killed an acid blob
 18388 | Slime:5  | Killed an acid blob
 18390 | Slime:5  | Killed an acid blob
 18394 | Slime:5  | Killed an acid blob
 18398 | Slime:5  | Gained mutation: Your spells are much easier to cast, but
                  | much less powerful. [a shining eye]
 18400 | Slime:5  | Gained mutation: You occasionally shout uncontrollably at
                  | your foes. [a shining eye]
 18403 | Slime:5  | Reached skill level 15 in Shields
 18423 | Slime:5  | Identified the +0 cloak of the Sea {rN+} (You found it on
                  | level 5 of the Pits of Slime)
 18446 | Slime:5  | Noticed an acid blob
 18463 | Slime:5  | Killed an acid blob
 18508 | Slime:5  | Got a vibrating amber ring
 18510 | Slime:5  | Identified the ring "Vemood" {*Contam +Blink Str+6 Dex+4
                  | SInv} (You found it on level 5 of the Pits of Slime)
 18517 | Slime:5  | Got a clouded lead ring
 18522 | Slime:5  | Identified the ring "Beraraf" {+Blink rPois rF+ Str-4
                  | Stlth+} (You found it on level 5 of the Pits of Slime)
 18568 | Slime:5  | Got a slimy rune of Zot
 18572 | Slime:5  | Identified the +8 war axe of the Weasel {vorpal, Fragile
                  | +Fly rElec} (You found it on level 5 of the Pits of Slime)
 18614 | Slime:5  | Got a pitted glass ring
 18616 | Slime:5  | Identified the ring of Zin's Inspiration {MR+ rCorr Int+2}
                  | (You found it on level 5 of the Pits of Slime)
 18801 | D:8      | Lost mutation: You occasionally shout uncontrollably at
                  | your foes. [potion of mutation]
 18801 | D:8      | Lost mutation: Your spells are much easier to cast, but
                  | much less powerful. [potion of mutation]
 18801 | D:8      | Lost mutation: Your spells are easier to cast, but less
                  | powerful. [potion of mutation]
 18801 | D:8      | Gained mutation: Your system is resistant to poisons.
                  | (rPois) [potion of mutation]
 18801 | D:8      | Gained mutation: You have a pair of small horns on your
                  | head. [potion of mutation]
 18801 | D:8      | Gained mutation: You have sharp toenails. [potion of
                  | mutation]
 18802 | D:8      | Lost mutation: You have sharp toenails. [potion of
                  | mutation]
 18802 | D:8      | Lost mutation: You have a pair of small horns on your head.
                  | [potion of mutation]
 18802 | D:8      | Lost mutation: Your spells are a little easier to cast, but
                  | a little less powerful. [potion of mutation]
 18802 | D:8      | Lost mutation: Your system is resistant to poisons. (rPois)
                  | [potion of mutation]
 18802 | D:8      | Gained mutation: You have large cloven feet. [potion of
                  | mutation]
 18802 | D:8      | Gained mutation: You have a pair of small horns on your
                  | head. [potion of mutation]
 18802 | D:8      | Gained mutation: You are agile. (Dex +2) [potion of
                  | mutation]
 18802 | D:8      | Gained mutation: Your mind is acute. (Int +2) [potion of
                  | mutation]
 18803 | D:8      | Lost mutation: Potions are less effective at restoring your
                  | health. [potion of mutation]
 18803 | D:8      | Lost mutation: You are agile. (Dex +2) [potion of mutation]
 18803 | D:8      | Lost mutation: You have large cloven feet. [potion of
                  | mutation]
 18803 | D:8      | Gained mutation: You are agile. (Dex +2) [potion of
                  | mutation]
 18803 | D:8      | Lost mutation: You are agile. (Dex +2) [potion of mutation]
 18803 | D:8      | Gained mutation: You evolve. [potion of mutation]
 19048 | D:15     | Entered Level 15 of the Dungeon
 19724 | D:15     | Found a staircase to the Depths.
 19746 | Depths:1 | Entered Level 1 of the Depths
 19895 | Depths:2 | Paralysed by a sphinx for 2 turns
 20024 | Depths:2 | Gained mutation: You passively map a large area around you.
                  | [Deep Dwarf growth]
 20024 | Depths:2 | Reached XP level 18. HP: 127/176 MP: 8/8
 20075 | Depths:2 | Found Lusheit's Gadget Shoppe.
 20089 | Depths:2 | Reached skill level 18 in Invocations
 20127 | Depths:2 | Noticed a lich
 20142 | Depths:2 | Killed a lich
 20486 | Depths:4 | Noticed a tentacled monstrosity
 20496 | Depths:4 | Killed a tentacled monstrosity
 20604 | Depths:5 | Entered Level 5 of the Depths
 20607 | Depths:5 | Reached skill level 15 in Fighting
 20647 | Depths:5 | Noticed a lich
 20660 | Depths:5 | Killed a lich
 20755 | Depths:5 | Found a gate to the Realm of Zot.
 20788 | Depths:5 | Reached XP level 19. HP: 186/186 MP: 8/8
 20792 | Zot:1    | Entered Level 1 of the Realm of Zot
 20809 | Zot:1    | Noticed an orb of fire
 20812 | Zot:1    | Gained mutation: Your spells are a little easier to cast,
                  | but a little less powerful. [an orb of fire]
 20818 | Zot:1    | Noticed an electric golem
 20818 | Zot:1    | Gained mutation: You are frail. (-10% HP) [an orb of fire]
 20829 | Zot:1    | Gained mutation: Scrolls take you a little longer to read.
                  | [an orb of fire]
 20840 | Zot:1    | Killed an orb of fire
 20845 | Zot:1    | Reached skill level 19 in Invocations
 20858 | Zot:1    | Killed an electric golem
 21065 | Zot:3    | HP: 2/169 [yellow draconian annihilator/iron shot (41)]
 21067 | Zot:3    | Killed from afar by a yellow draconian annihilator

Illustrated notes

Levels and vault maps discovered:
D:1:      co_arrival_random_square_maze, layout_rooms
D:2:      layout_basic, uniq_jessica
D:3:      corexii_shack_village, layout_basic, first_ration
D:4:      layout_basic, uniq_menkaure
D:5:      layout_rooms, lemuel_crystal_altar, serial_shops,
          nicolae_shop_overgrown_old_shop, trog_eyes_of_draining
D:6:      layout_cave_pools, okawaru_gym_becter, nicolae_qazlal_eye_of_the_storm
D:7:      minmay_the_grid_octo_tiled_squarecenter [minmay_the_grid_octo_chip,
          minmay_the_grid_octo_shrine, minmay_the_grid_octo_checkerflower,
          minmay_the_grid_octo_focus,
          minmay_the_grid_square_5x5_megaprize_checkered,
          minmay_the_grid_square_5x5_empty, minmay_the_grid_square_5x5_plus,
          minmay_the_grid_square_5x5_detours,
          minmay_the_grid_square_5x5_almost_minimal], layout_basic,
          lemuel_crystal_altar, nemelex_altar_shiori, minmay_temple_entry_mist
D:8:      layout_loops_corners, lair_entry_dummy, fedhas_altar_1,
          uniq_gastronok, uniq_joseph, uniq_harold, uniq_erica
D:9:      layout_gridville, gammafunk_temple_overflow_claw, uniq_psyche
D:10:     layout_basic
D:11:     layout_long_grid
D:12:     four-leaf_vault, layout_stronghold, gauntlet_entry_generic,
          serial_shops, kennysheep_little_box, grunt_ogre_cave
D:13:     layout_rooms, david_vaults_2, uniq_maurice, uniq_frances
D:14:     layout_basic, grunt_decor_cap, enter_trove_5, basic_altar
D:15:     gammafunk_enter_depths_forms, layout_small_grid, nrook_mini_backslash
Temple:   minmay_temple_curvy_branch
Lair:1:   layout_roguey, cheibrodos_lair_lostbears, uniq_urug, uniq_nergalle
Lair:2:   layout_chaotic_city, spider_nest_entry_funnel_web,
          gammafunk_ghost_hydra_chop, uniq_fannar
Lair:3:   layout_gridlike, elwin_shoals_entry_rocks,
          chequers_serial_rivers_micro_a, serial_bayou_pond_a
Lair:4:   layout_gridlike
Lair:5:   wad_woods_pond, layout_hall_layers, nicolae_slime_entry_slimehenge,
          grunt_megastairs_4
Shoals:1: cheibrodos_shoals_gigantism, layout_shoals, uniq_jorgrun, uniq_roxanne
Shoals:2: layout_shoals, serial_shops, nicolae_shop_trees, lemuel_oklob_altar,
          uniq_louise
Shoals:3: layout_shoals
Shoals:4: shoals_end_grunt_ice, layout_shoals
Spider:1: layout_spider_delve
Spider:2: layout_spider_delve, uniq_aizul
Spider:3: layout_spider_delve, uniq_arachne, uniq_donald
Spider:4: spider_rune_water
Slime:1:  layout_caves, cheibrodos_slime_lost_civilization_5
Slime:2:  layout_caves
Slime:3:  layout_caves
Slime:4:  layout_caves
Slime:5
Depths:1: layout_gridlike, abyss_entry_crystal, pf_vacation_house_of_asmodeus,
          grunt_ministairs_8, tgw_xom, kennysheep_random_hallway
Depths:2: minmay_guarded_unrand_sceptre_of_torment, layout_cave_pools,
          special_room [special_room_morgue], chequers_serial_rivers_small_b,
          serial_shops, shop, marbit_kobold_abyss_entry, grunt_hell_entry_dis_mu
Depths:3: grunt_runaround [grunt_runaround_doors_1, grunt_runaround_doors_2,
          grunt_runaround_doors_3, grunt_runaround_doors_4,
          grunt_runaround_loot], pan_entry, hell_entry
Depths:4: gammafunk_mikee_crab_dinner, layout_honeycomb,
          abyss_entry_flame_altar, hell_entry, infiniplex_staircase_9_rooms,
          roderic_lattice_octagonal_star
Depths:5: grunt_zot_entry_bicorn, layout_gridlike, enter_ziggurat_a, hell_entry
Zot:1:    layout_gridville
Zot:2:    layout_cathedral_of_symmetry
Zot:3:    layout_basic, gammafunk_ghost_arena

Skill      XL: |  1  2  3  4  5  6  7  8  9 10 11 12 13 14 15 16 17 18 19 |
---------------+----------------------------------------------------------+-----
Fighting       | 3 4 5 6 7 8 9 10 11 12 13 14 15 | 15.6
Axes           | 3 4 5 7 8 9 10 11 12 13 14 15 16 17 18 | 18.0
Dodging        | 1 2 3 4 5 6 7 |  7.5
Armour         | 4 5 6 7 8 9 10 11 12 13 | 13.7
Shields        | 4 5 6 7 8 9 11 12 13 14 15 16 | 16.9
Invocations    | 3 6 9 11 12 13 15 16 17 18 19 | 19.4
Evocations     | 2 4 6 8 |  8.0

Action                   |  1- 3 |  4- 6 |  7- 9 | 10-12 | 13-15 | 16-18 | 19-21 || total
-------------------------+-------+-------+-------+-------+-------+-------+-------++-------
Melee: War axe           |    99 |   205 |   410 |  1066 |   488 |       |       ||  2268
       Broad axe         |       |       |       |       |   759 |   994 |   169 ||  1922
       Headbutt          |       |       |       |       |       |   184 |    43 ||   227
Throw: Throwing net      |       |       |       |       |       |     4 |       ||     4
Invok: Lesser Servant of |       |       |       |     2 |    14 |    12 |     3 ||    31
       Greater Servant o |       |       |       |       |     3 |     7 |     1 ||    11
 Abil: Heal Wounds       |     1 |     7 |    21 |    21 |    27 |    20 |    19 ||   116
Evoke: Wand              |       |       |     1 |     4 |     1 |     3 |       ||     9
       Phial of floods   |       |       |       |     1 |       |       |       ||     1
  Use: Scroll            |       |     8 |     5 |    11 |    14 |     8 |     3 ||    49
       Potion            |       |       |       |       |     7 |     6 |     6 ||    19
 Stab: Paralysed         |       |       |     7 |       |       |       |       ||     7
       Confused          |       |       |       |     3 |       |       |       ||     3
       Distracted        |       |       |       |       |     4 |     2 |       ||     6
       Invisible         |       |       |       |       |    13 |       |       ||    13
       Sleeping          |       |       |       |       |       |     4 |       ||     4
       Held in net/web   |       |       |       |       |       |     2 |       ||     2
  Eat: Chunk             |       |     5 |     5 |    12 |    20 |     1 |       ||    43
       Ration            |       |       |     2 |     2 |     2 |     4 |     2 ||    12
Armor: Scale mail        |    62 |    35 |       |       |       |       |       ||    97
       Chain mail        |       |    39 |   101 |       |       |       |       ||   140
       Plate armour      |       |       |   139 |   524 |   629 |   490 |    92 ||  1874
Dodge: Dodged            |    33 |    55 |   142 |   487 |   653 |   287 |    53 ||  1710
Block: Kite shield       |    68 |   111 |   282 |   416 |       |       |       ||   877
       Tower shield      |       |       |       |   521 |  1641 |  1123 |   191 ||  3476
       Reflection        |       |       |       |    29 |    26 |    35 |     4 ||    94
